 Dungeon Crawl Stone Soup version 0.21.1-1-g345015fe64 (webtiles) character file.

252 Vinski the Archer (level 5, -5/41 HPs)
             Began as a Centaur Hunter on June 29, 2018.
             Was an Initiate of Elyvilon.
             Killed by Freeze
             ... invoked by WobbleTop's ghost
              (10 damage)
             ... on level 4 of the Dungeon.
             The game lasted 00:09:47 (3864 turns).

Vinski the Archer (Centaur Hunter)                  Turns: 3864, Time: 00:09:48

Health: -5/41      AC:  5    Str: 15    XL:     5   Next: 89%
Magic:  5/5        EV:  9    Int: 10    God:    Elyvilon [......]
Gold:   190        SH:  0    Dex: 10    Spells: 4/4 levels left

rFire    . . .     SeeInvis .   q - +0 war axe
rCold    . . .     Gourm    .   (no shield)
rNeg     . . .     Faith    .   c - +0 leather armour
rPois    .         Spirit   .   (no helmet)
rElec    .         Reflect  .   k - +0 cloak
rCorr    .         Harm     .   (no gloves)
MR       .....                  (no barding)
Stlth    +.........             (no amulet)
HPRegen  0.13/turn              (no ring)
MPRegen  0.09/turn              (no ring)

@: lethally poisoned (-5 -> -6), very quick
A: large, hooves 3, deformed body, speed 2, tough skin 3
a: Renounce Religion


You were on level 4 of the Dungeon.
You worshipped Elyvilon.
Elyvilon was noncommittal.
You were not hungry.

You visited 1 branch of the dungeon, and saw 4 of its levels.

You collected 190 gold pieces.

Inventory:

Hand Weapons
 a - a +1 shortbow
 b - a +0 short sword
 q - a +0 war axe (weapon)
Missiles
 d - 26 arrows
Armour
 c - a +0 leather armour (worn)
 k - a +0 cloak (worn)
Scrolls
 g - 3 scrolls of teleportation {unknown}
 h - a scroll of enchant armour {unknown}
 i - 2 scrolls of fog {unknown}
 j - 7 scrolls of identify {unknown}
 l - 3 scrolls of remove curse {unknown}
 o - 3 scrolls of amnesia {unknown}
 r - a scroll of enchant weapon {unknown}
 t - a scroll of magic mapping {unknown}
Potions
 e - a potion of resistance {unknown}
 m - a potion of brilliance {unknown}
 n - 2 potions of heal wounds {unknown}
 p - 3 potions of degeneration {unknown}
 s - 3 potions of curing {unknown}
 u - a potion of might {unknown}
 v - a potion of agility {unknown}
Comestibles
 f - 7 rations


   Skills:
 - Level 2.1 Fighting
 + Level 9.4 Bows
 - Level 1.4 Dodging
 - Level 0.4 Stealth


You had 4 spell levels left.
You didn't know any spells.

Dungeon Overview and Level Annotations

Branches:
Dungeon (4/15)
 Temple: D:4-7

Altars:
Dithmenos
Elyvilon
Qazlal
Sif Muna
Uskayaw

Annotations:
D:4 WobbleTop's ghost, amateur DsIE


Innate Abilities, Weirdness & Mutations

You have hooves in place of feet.
Armour fits poorly on your strangely shaped body.
You cover ground very quickly.
You have extremely tough skin. (AC +3)


Message History

The hound is almost dead.
The hound closely misses you. The hound completely misses you.
You closely miss the hound.
You kill the hound!
WobbleTop's ghost says, "Are you willing to die fighting?
I was!"
WobbleTop's ghost casts a spell at you.
You are frozen.
* * * LOW HITPOINT WARNING * * *
You hit WobbleTop's ghost but do no damage.
WobbleTop's ghost is lightly damaged.
You feel sick.
WobbleTop's ghost points at you and mumbles some strange words.
You are frozen.
* * * LOW HITPOINT WARNING * * *
You hit WobbleTop's ghost but do no damage.
WobbleTop's ghost is lightly damaged.
WobbleTop's ghost barely misses you. WobbleTop's ghost casts a spell at you.
You are frozen.
You die...

###. ##........ #..
....##........# #..
#.......O...# #..
#........# .#####.†
#.../...## .>......
#......## ..####..
##O##### #..####..
#W########........
#@##.....#..##.#..
#.######.##.....#........
.........##..............
#........##.....#..##...#
######.###........##...#
#.# ###.##......... ##.#
#.##...##.... #..#
#.###.###.### #.## #.#
#.# #.#


You could see an ogre and WobbleTop's ghost.

Vanquished Creatures
  A howler monkey (D:4)
  A hound (D:4)
  A worker ant (D:4)
  6 adders
  3 oozes (D:1)
  A worm (D:4)
  5 dart slugs
  4 orcs
  10 bats
  5 giant cockroaches
  9 goblins
  12 hobgoblins
  3 jackals (D:1)
  7 kobolds
  A quokka (D:2)
  2 ball pythons
  4 frilled lizards
  6 rats
81 creatures vanquished.

Notes
Turn   | Place    | Note
-------+----------+-------------------------------------------
     0 | D:1      | Vinski the Centaur Hunter began the quest for the Orb.
     0 | D:1      | Reached XP level 1. HP: 17/17 MP: 1/1
    89 | D:1      | Reached XP level 2. HP: 24/24 MP: 2/2
   127 | D:1      | Reached skill level 6 in Bows
   714 | D:1      | Reached XP level 3. HP: 29/29 MP: 3/3
  1120 | D:1      | Reached skill level 7 in Bows
  1539 | D:2      | Found a stormy altar of Qazlal.
  1608 | D:2      | Reached XP level 4. HP: 19/36 MP: 4/4
  2144 | D:2      | Found a shadowy altar of Dithmenos.
  2713 | D:3      | Reached skill level 8 in Bows
  2725 | D:3      | Found a hide-covered altar of Uskayaw.
  3055 | D:3      | Found a deep blue altar of Sif Muna.
  3117 | D:3      | Reached XP level 5. HP: 38/41 MP: 5/5
  3183 | D:4      | Found a white marble altar of Elyvilon.
  3232 | D:4      | Became a worshipper of Elyvilon the Healer
  3446 | D:4      | Reached skill level 9 in Bows
  3647 | D:4      | Noticed an ogre
  3849 | D:4      | Noticed WobbleTop's ghost (amateur DsIE)
  3864 | D:4      | Killed from afar by WobbleTop's ghost

Skill      XL: |  1  2  3  4  5 |
---------------+----------------+-----
Bows           | 6 7 8 9 |  9.4
Fighting       | |  2.1
Dodging        | |  1.4
Stealth        | |  0.4

Action                   |  1- 3 |  4- 6 || total
-------------------------+-------+-------++-------
Melee: Shortbow          |     5 |       ||     5
       Short sword       |    30 |    58 ||    88
       Kick              |     6 |    30 ||    36
       War axe           |       |    66 ||    66
 Fire: Shortbow          |    95 |       ||    95
  Eat: Ration            |     1 |     1 ||     2
Armor: Leather armour    |    23 |    47 ||    70
Dodge: Dodged            |    48 |    62 ||   110
